 Dungeon Crawl Stone Soup version 0.26-a0-638-gcca6ad1b57 (webtiles) character file.

Game seed: 4022235308766816249

267 Murumi the Skirmisher (level 6, -9/65 HPs)
             Began as an Ogre Conjurer on Sept 14, 2020.
             Was an Initiate of Okawaru.
             Killed from afar by Ijyb (17 damage)
             ... with a bolt of acid
             ... on level 3 of the Dungeon.
             The game lasted 00:16:25 (4661 turns).

Murumi the Skirmisher (Ogre Conjurer)               Turns: 4661, Time: 00:16:26

Health: -9/65      AC:  2    Str: 14    XL:     6   Next: 21%
Magic:  1/10       EV: 10    Int: 19    God:    Okawaru [......]
Gold:   194        SH:  0    Dex:  7    Spells: 8/11 levels left

rFire    . . .     SeeInvis .   l - +0 flail
rCold    . . .     Faith    .   (no shield)
rNeg     . . .     Spirit   .   m - +2 animal skin
rPois    .         Reflect  .   (helmet restricted)
rElec    .         Harm     .   a - +0 cloak
rCorr    .         Rampage  .   (gloves unavailable)
MR       .....                  (boots unavailable)
Stlth    ++........             (no amulet)
HPRegen  0.20/turn              (no ring)
MPRegen  0.12/turn              (no ring)

@: corroded
A: large, unfitting armour, tough skin 1
a: Renounce Religion


You were on level 3 of the Dungeon.
You worshipped Okawaru.
Okawaru was noncommittal.
You visited 1 branch of the dungeon, and saw 3 of its levels.

You collected 194 gold pieces.

Inventory:

Hand Weapons
 l - a +0 flail (weapon)
Missiles
 b - 2 large rocks (quivered)
 f - 43 stones
 g - 13 boomerangs
 n - 3 poisoned darts
Armour
 a - a +0 cloak (worn)
 m - a +2 animal skin (worn)
Scrolls
 d - 2 scrolls of amnesia
 q - a scroll of teleportation
 r - a scroll of magic mapping
Potions
 c - 3 potions of flight
 e - a potion of curing {unknown}
 h - a potion of heal wounds {unknown}
 i - 2 potions of berserk rage {unknown}
 j - 2 potions of magic {unknown}
 k - a potion of lignification {unknown}
 o - a potion of ambrosia {unknown}
 p - a potion of might {unknown}


   Skills:
 + Level 4.8 Fighting
 - Level 2.0 Maces & Flails
 - Level 2.0 Throwing
 - Level 2.0 Dodging
 - Level 2.0 Stealth
 - Level 3.0 Spellcasting
 - Level 4.0 Conjurations


You had 8 spell levels left.
You knew the following spells:

 Your Spells              Type           Power        Failure   Level
a - Magic Dart            Conj           ###.         3%          1
b - Searing Ray           Conj           ###...       4%          2

Your spell library contained the following spells:

 Spells                   Type           Power        Failure   Level
 Dazzling Flash           Conj/Hex       ##....       21%         3
 Fulminant Prism          Conj/Hex       ##........   54%         4
 Iskenderun's Mystic Bla  Conj/Tloc      ##......     54%         4


Dungeon Overview and Level Annotations

Branches:
Dungeon (3/15)

Altars:
Kikubaaqudgha
Okawaru

Annotations:
D:3 Ijyb


Innate Abilities, Weirdness & Mutations

You are too large for most types of armour.
You have tough skin. (AC +1)


Message History

Ijyb is moderately wounded.
Ijyb hits you. Ijyb closely misses you.
You closely miss Ijyb.
Ijyb is moderately wounded.
Ijyb hits you.
Unknown command.
You closely miss Ijyb.
Ijyb is moderately wounded.
Ijyb zaps a wand.
The bolt of acid hits you!
You are splashed with acid!
* * * LOW HITPOINT WARNING * * *
Unknown command.
Quiver which item? (- for none, * to show all) (? for menu, Esc to quit)
Quivering
b - 3 large rocks for throwing.
Throwing (i - inventory. (/) - cycle)
b - 3 large rocks (quivered)
Press: ? - help, Shift-Dir - straight line, f/p - Ijyb
Aim: Ijyb, wearing a +3 ring mail of fire resistance and carrying a wand of acid (1) (moderately wounded)
You throw a large rock. The large rock closely misses Ijyb.
Ijyb screams, "Me kill you!"
Ijyb zaps a wand.
The bolt of acid hits you!
You die...

.....g.
#....†........#
.......
##......)..####
..l....##########...#
.......(....# ###...#
...(........# #.....#
............###.#...#
#.(.<......#.#...#
#..(....g.##.#...#
#....((..@##.#...#
#########....#####
######


You could see Ijyb.

Vanquished Creatures
  Crazy Yiuf (D:2)
  A hound skeleton (D:3)
  Robin (D:2)
  4 gnolls (D:2)
  5 adders
  2 oozes (D:1)
  2 worms
  5 dart slugs (D:1)
  A leopard gecko (D:3)
  4 orcs
  A ball python (D:2)
  10 bats
  3 giant cockroaches
  10 goblins
  8 hobgoblins
  13 jackals
  2 quokkas
  7 frilled lizards
  15 kobolds
  8 rats
103 creatures vanquished.

Vanquished Creatures (others)
  A human (D:2)
1 creature vanquished.

Grand Total: 104 creatures vanquished

Notes
Turn   | Place    | Note
-------+----------+-------------------------------------------
     0 | D:1      | Murumi the Ogre Conjurer began the quest for the Orb.
     0 | D:1      | Reached XP level 1. HP: 16/16 MP: 3/3
   408 | D:1      | Reached XP level 2. HP: 24/24 MP: 3/5
   415 | D:1      | Learned a level 2 spell: Searing Ray
   901 | D:1      | Reached XP level 3. HP: 31/31 MP: 0/7
  1225 | D:1      | Reached skill level 1 in Fighting
  1793 | D:1      | Reached XP level 4. HP: 42/42 MP: 3/8
  2403 | D:2      | Reached skill level 1 in Maces & Flails
  2468 | D:2      | Found an ancient bone altar of Kikubaaqudgha.
  2494 | D:2      | Noticed a human
  2495 | D:2      | Killed a human
  2632 | D:2      | Reached skill level 1 in Throwing
  2999 | D:2      | Reached XP level 5. HP: 53/53 MP: 4/9
  3198 | D:2      | Noticed Robin
  3204 | D:2      | Killed Robin
  3356 | D:2      | Found a runed translucent door.
  3357 | D:2      | Noticed Crazy Yiuf
  3980 | D:2      | Killed Crazy Yiuf
  4139 | D:3      | Noticed Ijyb
  4166 | D:3      | Reached XP level 6. HP: 62/62 MP: 8/10
  4279 | D:3      | Found an iron altar of Okawaru.
  4288 | D:3      | Became a worshipper of Warmaster Okawaru
  4661 | D:3      | Killed from afar by Ijyb

Illustrated notes

Levels and vault maps discovered:
D:1:      onia_arrival_mini_maze, layout_basic, st_stairs_14,
          minmay_indecisive_spiral
D:2:      layout_loops_ring, hangedman_glass_teeth, tgw_kikubaaqudgha,
          uniq_robin, uniq_crazy_yiuf_cottage
D:3:      layout_basic, lemuel_doored_altar, uniq_ijyb

Skill      XL: |  1  2  3  4  5 |
---------------+----------------+-----
Dodging        | 2 |  2.0
Conjurations   | 4 |  4.0
Spellcasting   | 3 |  3.0
Stealth        | 2 |  2.0
Fighting       | 2 3 4 |  4.8
Maces & Flails | 1 2 |  2.0
Throwing       | 1 2 |  2.0

Action                   |  1- 3 |  4- 6 || total
-------------------------+-------+-------++-------
Melee: Club              |     3 |     8 ||    11
       Flail             |       |    44 ||    44
Throw: Large rock        |     2 |     1 ||     3
       Stone             |     2 |    15 ||    17
 Cast: Magic Dart        |    80 |    69 ||   149
       Searing Ray       |     3 |    19 ||    22
  Use: Scroll            |     6 |     3 ||     9
 Stab: Sleeping          |       |     1 ||     1
Armor: Robe              |     4 |     3 ||     7
       Animal skin       |       |    17 ||    17
Dodge: Dodged            |     5 |    55 ||    60

Table legend: (Time is in decaauts)
 A = Elapsed time spent in this place.
 B = Non-inter-level travel time spent in this place.
 C = Inter-level travel time spent in this place.
 D = Time resting spent in this place.
 E = Time spent auto-exploring this place.
 F = Levels seen in this place.
 G = Mean time per level.
                   A        B        C        D        E       F      G
               +--------+--------+--------+--------+--------+-----+--------+
         Total |   4682 |   4442 |    240 |      0 |   3887 |   3 | 1560.7 |
       Dungeon |   4682 |   4442 |    240 |      0 |   3887 |   3 | 1560.7 |
               +--------+--------+--------+--------+--------+-----+--------+

Top non-repeatable levels by time:
     D:1: 2464 daAuts
     D:2: 1738 daAuts
     D:3: 479 daAuts
